 Dungeon Crawl Stone Soup version 0.19.1-1-g22dce08 (webtiles) character file.

109 Alarkh the Chopper (level 4, -4/57 HPs)
             Began as a Draconian Monk on Jan 18, 2017.
             Was an Initiate of Gozag.
             Slain by MovingMist's ghost (8 damage)
             ... on level 3 of the Dungeon.
             The game lasted 00:02:07 (1879 turns).

Alarkh the Chopper (Draconian Monk)                 Turns: 1879, Time: 00:02:07

Health: -4/57      AC: 25    Str: 10 (13) XL:     4   Next: 60%
Magic:  13/13      EV:  2    Int: 14 (17) God:    Gozag
Gold:   123        SH:  0    Dex: 12 (13) Spells: 0 memorised, 3 levels left

rFire  . . .     SeeInvis .     a - +0 hand axe
rCold  . . .     Gourm    .     (armour unavailable)
rNeg   + + +     Faith    .     (no shield)
rPois  +         Spirit   .     (helmet currently unavailable)
rElec  .         Reflect  .     (cloak currently unavailable)
rCorr  .         Harm     .     (gloves currently unavailable)
MR     .....     NoTele   +     (boots currently unavailable)
Stlth  ++........               (no amulet)
                                u - ring of magical power
                                q - +3 ring of protection

@: brilliant, tree-form, gold aura
A: unfitting armour, (cold-blooded), AC +5
a: Potion Petition, Call Merchant, Bribe Branch, Renounce Religion


You were on level 3 of the Dungeon.
You worshipped Gozag.
Gozag was aware of your devotion.
You were very hungry.
You were a tree.
You visited 1 branch of the dungeon, and saw 3 of its levels.

You collected 123 gold pieces.

Inventory:

Hand Weapons
 a - a +0 hand axe (weapon)
Armour
 s - a +0 pair of gloves (melded)
Jewellery
 q - a +3 ring of protection (left branch)
 u - a ring of magical power (right branch)
Scrolls
 e - a scroll of identify
 g - 2 scrolls of blinking
 k - 3 scrolls of magic mapping
 l - a scroll of enchant weapon {unknown}
 o - a scroll of teleportation {unknown}
 p - a scroll of recharging
 r - a scroll of fear {unknown}
 w - a scroll of enchant armour {unknown}
Potions
 f - a potion of might
 j - a potion of curing
 t - a potion of agility {unknown}
 x - a potion of flight {unknown}
Comestibles
 b - 2 bread rations
 d - 9 fruits
 h - 3 beef jerkies
 v - a meat ration


   Skills:
 - Level 3.2 Fighting
 + Level 5.4 Axes
 - Level 2.6 Dodging
 - Level 1.7 Stealth


You had 3 spell levels left.
You didn't know any spells.

Dungeon Overview and Level Annotations

Branches:
Dungeon (3/15)

Altars:
Gozag
The Shining One

Annotations:
D:3 MovingMist's ghost, amateur GrFi


Innate Abilities, Weirdness & Mutations

((Your plain brown scales are hard. (AC +5)))
You cannot fit into any form of body armour.
((You are cold-blooded and may be slowed by cold attacks.))


Message History

* * * LOW HITPOINT WARNING * * *
You hit MovingMist's ghost but do no damage.
MovingMist's ghost is severely damaged.
You hit the hobgoblin but do no damage.
MovingMist's ghost hits you but does no damage.
The hobgoblin hits you but does no damage.
You barely miss MovingMist's ghost.
MovingMist's ghost is severely damaged.
You hit the hobgoblin.
You kill the hobgoblin!
MovingMist's ghost hits you.
* * * LOW HITPOINT WARNING * * *
You hit MovingMist's ghost.
MovingMist's ghost is severely damaged.
MovingMist's ghost hits you but does no damage.
You hit MovingMist's ghost.
MovingMist's ghost is severely damaged.
MovingMist's ghost hits you!
You die...
Your body crumbles into a pile of gold.

.......# ....#### <...#
....########
...........#
...........#######
................$#
...........# #.##
).##############♣.#####
................W$......
.################.######
.# ... .# ..... .#######
...... .##....# ......
.##.##.# #..... .##.##.#


You could see MovingMist's ghost.

Vanquished Creatures
  Ijyb (D:3)
  2 adders (D:2)
  2 worms (D:2)
  2 leopard geckos (D:2)
  3 ball pythons
  3 giant cockroaches
  6 goblins
  8 hobgoblins
  6 jackals
  6 bats
  8 frilled lizards
  4 kobolds
  5 rats
56 creatures vanquished.

Notes
Turn   | Place    | Note
-------+----------+-------------------------------------------
     0 | D:1      | Alarkh the Draconian Monk began the quest for the Orb.
     0 | D:1      | Reached XP level 1. HP: 19/19 MP: 1/1
   230 | D:1      | Reached XP level 2. HP: 26/26 MP: 2/2
   612 | D:2      | Reached skill level 4 in Axes
   644 | D:2      | Reached XP level 3. HP: 19/31 MP: 3/3
  1077 | D:2      | Found a glowing golden altar of the Shining One.
  1259 | D:2      | Reached XP level 4. HP: 38/38 MP: 4/4
  1404 | D:2      | Reached skill level 5 in Axes
  1627 | D:3      | Found a faded altar of an unknown god.
  1633 | D:3      | Became a worshipper of Gozag Ym Sagoz the Greedy
  1691 | D:3      | Noticed Ijyb
  1707 | D:3      | Killed Ijyb
  1847 | D:3      | Noticed MovingMist's ghost (amateur GrFi)
  1879 | D:3      | Slain by MovingMist's ghost

Skill      XL: |  1  2  3  4 |
---------------+-------------+-----
Axes           | 4 5 |  5.4
Fighting       | |  3.2
Dodging        | |  2.6
Stealth        | |  1.7

Action                   |  1- 3 |  4- 6 || total
-------------------------+-------+-------++-------
Melee: Hand axe          |   116 |    89 ||   205
       Tailslap          |    16 |    10 ||    26
  Use: Scroll            |     2 |     2 ||     4
       Potion            |       |     5 ||     5
 Stab: Sleeping          |     6 |     1 ||     7
  Eat: Chunk             |     1 |     1 ||     2
Armor: Skin              |    33 |    21 ||    54
Dodge: Dodged            |    95 |    55 ||   150
